 Dungeon Crawl Stone Soup version 0.23.0 (webtiles) character file.

Game seed: 9578724779785935176

27 Raymar the Grave Robber (level 2, -1/13 HPs)
             Began as a Deep Elf Necromancer on Feb 11, 2019.
             Slain by an adder (3 damage)
             ... on level 2 of the Dungeon.
             The game lasted 00:05:05 (1071 turns).

Raymar the Grave Robber (Deep Elf Necromancer)      Turns: 1071, Time: 00:05:06

Health: -1/13      AC:  2    Str:  5    XL:     2   Next: 93%
Magic:  1/8        EV: 13    Int: 19    God:
Gold:   20         SH:  0    Dex: 15    Spells: 6/8 levels left

rFire    . . .     SeeInvis +   (no weapon)
rCold    . . .     Gourm    .   (no shield)
rNeg     . . .     Faith    .   a - +0 robe
rPois    .         Spirit   .   (no helmet)
rElec    .         Reflect  .   (no cloak)
rCorr    .         Harm     .   (no gloves)
MR       .....                  (no boots)
Stlth    ++........             (no amulet)
HPRegen  0.04/turn              (no ring)
MPRegen  0.11/turn              (no ring)

@: lethally poisoned (-1 -> -8)
A: talons 1, see invisible, frail 1, screaming 1
a: no special abilities


You were on level 2 of the Dungeon.
You were not hungry.

You visited 1 branch of the dungeon, and saw 2 of its levels.

You collected 20 gold pieces.

Inventory:

Armour
 a - a +0 robe (worn)
Jewellery
 h - a cursed ring of attention {unknown}
Potions
 e - a potion of magic {unknown}
Comestibles
 c - a ration
 d - a chunk of flesh


   Skills:
 + Level 2.7 Dodging
 + Level 2.4 Stealth
 + Level 3.7 Spellcasting
 + Level 5.4 Necromancy


You had 6 spell levels left.
You knew the following spells:

 Your Spells              Type           Power        Failure   Level  Hunger
a - Pain                  Necr           ###.         1%          1    None
b - Animate Skeleton      Necr           N/A          1%          1    None

Your spell library contained the following spells:

 Spells                   Type           Power        Failure   Level  Hunger
 Vampiric Draining        Necr           ###.......   4%          3    ###....
 Regeneration             Chrm/Necr      ##........   14%         3    ###....
 Animate Dead             Necr           N/A          16%         4    ####...


Dungeon Overview and Level Annotations

Branches:
Dungeon (2/15)

Altars:


Innate Abilities, Weirdness & Mutations

You have sharp toenails.
You have supernaturally acute eyesight. (SInv)
You are frail. (-10% HP)
You occasionally shout uncontrollably at your foes.


Message History

Your bat skeleton completely misses the adder.
Your bat skeleton hits the adder.
Your bat skeleton closely misses the adder.
Your bat skeleton completely misses the adder.
Your bat skeleton hits the adder.
Your bat skeleton closely misses the adder.
The adder bites you.
Your bat skeleton hits the adder.
The adder bites you.
* * * LOW HITPOINT WARNING * * *
You are lethally poisoned!
The adder poisons you!
Your bat skeleton closely misses the adder.
It was a potion of mutation.
You feel extremely strange.
You feel the urge to shout.
You feel frail.
Your toenails lengthen and sharpen.
Your vision sharpens.
* * * LOW HITPOINT WARNING * * *
You feel sick.
Your bat skeleton hits the adder but does no damage.
Your bat skeleton barely misses the adder.
The adder bites you.
You die...

##########...#
#............#
#............##########
+......................
..#...........#...........#
...........................
#.######<.....#............
########............
+.@.......... #..S.........
#..Z.....?... #.........(..
#............ #............
#.........$..
............$.
...............


You could see an adder and a friendly bat skeleton.

Vanquished Creatures
  2 leopard geckos (D:1)
  A ball python (D:1)
  2 giant cockroaches
  5 goblins (D:1)
  2 hobgoblins
  2 kobolds (D:1)
  4 bats
  3 frilled lizards (D:1)
  2 rats (D:1)
23 creatures vanquished.

Notes
Turn   | Place    | Note
-------+----------+-------------------------------------------
     0 | D:1      | Raymar the Deep Elf Necromancer began the quest for the
                  | Orb.
     0 | D:1      | Reached XP level 1. HP: 10/10 MP: 6/6
     2 | D:1      | Learned a level 1 spell: Animate Skeleton
   143 | D:1      | Reached skill level 5 in Necromancy
   390 | D:1      | Reached XP level 2. HP: 14/15 MP: 5/8
  1071 | D:2      | Gained mutation: You occasionally shout uncontrollably at
                  | your foes. [potion of mutation]
  1071 | D:2      | Gained mutation: You are frail. (-10% HP) [potion of
                  | mutation]
  1071 | D:2      | Gained mutation: You have sharp toenails. [potion of
                  | mutation]
  1071 | D:2      | Gained mutation: You have supernaturally acute eyesight.
                  | (SInv) [potion of mutation]
  1071 | D:2      | Slain by an adder

Skill      XL: |  1 |
---------------+----+-----
Necromancy     | 5 |  5.4
Dodging        | |  2.7
Stealth        | |  2.4
Spellcasting   | |  3.7

Action                   || total
-------------------------++-------
Melee: Unarmed           ||    21
 Cast: Pain              ||    32
       Animate Skeleton  ||     4
  Use: Scroll            ||     4
       Potion            ||     1
Armor: Robe              ||     5
Dodge: Dodged            ||    20
